 Dungeon Crawl Stone Soup version 0.21-a0-434-g806c6c2 (webtiles) character file.

459 HAL9000 the Skirmisher (level 7, 0/72 HPs)
             Began as an Ogre Hunter on Nov 8, 2017.
             Was a Follower of Wu Jian.
             Slain by a worker ant (3 damage)
             ... on level 4 of the Dungeon.
             The game lasted 00:11:14 (6035 turns).

HAL9000 the Skirmisher (Ogre Hunter)                Turns: 6035, Time: 00:11:15

Health: 0/72       AC:  3    Str: 19    XL:     7   Next: 6%
Magic:  7/7        EV: 11    Int: 12    God:    Wu Jian [*.....]
Gold:   146        SH:  0    Dex:  9    Spells: 6/6 levels left

rFire    + . .     SeeInvis .   z - +0 falchion
rCold    x . .     Gourm    .   (no shield)
rNeg     . . .     Faith    .   b - +0 robe
rPois    .         Spirit   .   (helmet restricted)
rElec    .         Reflect  .   (no cloak)
rCorr    .         Harm     .   (gloves unavailable)
MR       .....                  (boots unavailable)
Stlth    +.........             (no amulet)
HPRegen  0.22/turn              h - ring of fire
MPRegen  0.10/turn              (no ring)

@: starving
A: unfitting armour, tough skin 1
a: Renounce Religion


You were on level 4 of the Dungeon.
You worshipped Wu Jian.
Wu Jian was aware of your devotion.
You were starving.

You visited 1 branch of the dungeon, and saw 4 of its levels.
You also visited: Sewer.

You collected 146 gold pieces.

Inventory:

Hand Weapons
 z - a +0 falchion (weapon)
Missiles
 c - 3 large rocks (quivered)
 d - 2 throwing nets
Armour
 b - a +0 robe (worn)
Jewellery
 h - a ring of fire (left hand)
Scrolls
 k - a scroll of amnesia
 o - 4 scrolls of teleportation
 u - a scroll of enchant armour {unknown}
 w - 2 scrolls of magic mapping {unknown}
 C - a scroll of remove curse
 D - 2 scrolls of fog
 F - a scroll of recharging {unknown}
Potions
 r - a potion of agility
 t - a potion of flight
 A - 3 potions of curing
 E - a potion of might {unknown}
Books
 n - a book of Maledictions

   Spells                             Type                      Level
   a - Corona                         Hexes                        1
   b - Ensorcelled Hibernation        Hexes/Ice                    2
   c - Confuse                        Hexes                        3
   d - Tukima's Dance                 Hexes                        3
   e - Dazzling Spray                 Conjuration/Hexes            3
Comestibles
 f - 3 bread rations
 v - 2 meat rations


   Skills:
 - Level 5.5 Fighting
 + Level 4.1 Long Blades
 - Level 4.0 Throwing
 - Level 3.7 Dodging
 - Level 0.6 Stealth


You had 6 spell levels left.
You didn't know any spells.

Dungeon Overview and Level Annotations

Branches:
Dungeon (4/15)
 Temple: D:4-7

Altars:
Makhleb
Ru
Vehumet
Wu Jian


Innate Abilities, Weirdness & Mutations

You are too large for most types of armour.
You have tough skin. (AC +1)


Message History

You are poisoned.
The worker ant poisons you!
You feel better. The worker ant bites you.
* * * LOW HITPOINT WARNING * * *
You barely miss the worker ant.
The worker ant is lightly wounded.
The worker ant bites you.
* * * LOW HITPOINT WARNING * * *
You barely miss the worker ant.
The worker ant is lightly wounded.
The worker ant barely misses you.
You hit the worker ant.
The worker ant is moderately wounded.
The worker ant bites you.
* * * LOW HITPOINT WARNING * * *
The worker ant bites you but does no damage.
You barely miss the worker ant.
The worker ant is moderately wounded.
The worker ant bites you.
You die...

#..####...## #..#..#....#
########..').#P.#.##
..........####P^...########
########...P...............
.#####.<..........##..#######
.............###.####.#
###########..# #.# #.######
.............# #@# #......#
############.# #a# ##.....#
#.W....# #.# #.....# #.######
#.# #.....# #.#
#####)#####.###.# #.#
#........##.# #.# #.#
#........##.# #.# #.#
#....(..#######.## #.#
#......##≈≈≈≈≈##.#


You could see a worker ant.

Vanquished Creatures
  Purgy (Sewer)
  A phantom (D:4)
  An orc wizard (D:4)
  A worker ant (D:4)
  A hound skeleton (D:2)
  7 adders
  A gnoll (D:2)
  A river rat (D:4)
  4 worms
  2 dart slugs (D:1)
  3 leopard geckos
  15 orcs
  4 ball pythons
  8 bats
  4 giant cockroaches
  8 goblins
  11 hobgoblins
  2 jackals (D:4)
  5 kobolds
  3 quokkas
  10 frilled lizards
  A leopard gecko zombie (D:2)
  12 rats
  A plant (D:4)
107 creatures vanquished.

Vanquished Creatures (others)
  A frilled lizard (D:2)
  A rat (D:2)
2 creatures vanquished.

Grand Total: 109 creatures vanquished

Notes
Turn   | Place    | Note
-------+----------+-------------------------------------------
     0 | D:1      | HAL9000 the Ogre Hunter began the quest for the Orb.
     0 | D:1      | Reached XP level 1. HP: 22/22 MP: 1/1
    74 | D:1      | Reached skill level 3 in Fighting
   288 | D:1      | Reached XP level 2. HP: 26/31 MP: 2/2
   695 | D:1      | Reached XP level 3. HP: 37/39 MP: 3/3
   956 | D:1      | Reached skill level 4 in Fighting
  1145 | D:2      | Found a radiant altar of Vehumet.
  1513 | D:2      | Reached XP level 4. HP: 49/49 MP: 4/4
  1718 | D:2      | Found a burning altar of Makhleb.
  1720 | D:2      | Noticed a blizzard demon
  2275 | D:2      | Reached skill level 5 in Fighting
  2631 | D:2      | Found an ornate altar of the Wu Jian Council.
  2646 | D:2      | Became a worshipper of the Wu Jian Council
  2726 | D:3      | Reached XP level 5. HP: 57/57 MP: 5/5
  3531 | D:3      | Reached * piety under Wu Jian
  3533 | D:3      | Found a sacrificial altar of Ru.
  4714 | D:4      | Noticed a phantom
  4741 | D:4      | Killed a phantom
  4741 | D:4      | Reached XP level 6. HP: 19/66 MP: 6/6
  5248 | D:4      | Found a glowing drain.
  5252 | Sewer    | Entered a sewer
  5540 | Sewer    | Noticed Purgy
  5560 | Sewer    | Killed Purgy
  6008 | D:4      | Reached XP level 7. HP: 18/72 MP: 7/7
  6034 | D:4      | HP: 3/72 [worker ant (6)]
  6035 | D:4      | Slain by a worker ant

Vault maps used:
D:1:      minmay_arrival_plants_in_alcoves
D:2:      fiery_altar_vehumet, lemuel_round_altar, makhleb_altar_promises_db,
          first_bread, kennysheep_generic_room_3
D:3:      hangedman_ru_absence
D:4:      lemuel_round_altar, gup_sewer_entry_spiral, roderic_roman_lattice,
          corexii_shack
Sewer:    sewer_co_purgy_island

Skill      XL: |  1  2  3  4  5  6 |
---------------+-------------------+-----
Fighting       | 3 4 5 |  5.5
Dodging        | 2 3 |  3.7
Long Blades    | 2 4 |  4.1
Throwing       | |  4.0
Stealth        | |  0.6

Action                   |  1- 3 |  4- 6 |  7- 9 || total
-------------------------+-------+-------+-------++-------
Melee: Short sword       |   148 |   201 |       ||   349
       Falchion          |       |   151 |    16 ||   167
Throw: Large rock        |       |    10 |     2 ||    12
  Use: Potion            |       |     2 |     1 ||     3
       Scroll            |       |     6 |       ||     6
 Stab: Sleeping          |       |     3 |       ||     3
  Eat: Chunk             |     2 |    13 |       ||    15
Armor: Robe              |    41 |    64 |     3 ||   108
Dodge: Dodged            |    92 |   199 |     6 ||   297
       Rpst.: Falchion   |       |    26 |       ||    26

Table legend:
 A = Spawn XP
 B = Non-spawn XP
 C = Spawn XP percentage of total XP
 D = Spawn monster count
 E = Non-spawn monster count
 F = Spawn count percentage of total count
 G = Total turns spent on level
                    A         B        C        D         E        F      G
               +---------+---------+-------+---------+---------+-------+---------
         Total |       0 |     656 |   0.0 |       0 |     106 |   0.0 |  6035
               +---------+---------+-------+---------+---------+-------+---------
           D:1 |       0 |      51 |   0.0 |       0 |      27 |   0.0 |  1048
           D:2 |       0 |     114 |   0.0 |       0 |      24 |   0.0 |  1815
           D:3 |       0 |      87 |   0.0 |       0 |      30 |   0.0 |  1738
           D:4 |       0 |     248 |   0.0 |       0 |      16 |   0.0 |   767
         Sewer |       0 |     156 |   0.0 |       0 |       9 |   0.0 |   667
               +---------+---------+-------+---------+---------+-------+---------
